 Dungeon Crawl Stone Soup version 0.26.0-10-g1f06aea511 (webtiles) character file.

Game seed: 16990482875638354479

36577 wakim the Martial Artist (level 13, -2/114 HPs)
             Began as a Merfolk Transmuter on Jan 19, 2021.
             Was the Champion of Cheibriados.
             Slain by an entropy weaver (14 damage)
             ... on level 5 of the Lair of Beasts.
             The game lasted 01:27:11 (16102 turns).

wakim the Martial Artist (Merfolk Transmuter)      Turns: 16102, Time: 01:27:12

Health: -2/114     AC:  2    Str: 28    XL:     13   Next: 91%
Magic:  15/24      EV: 27    Int: 33    God:    Cheibriados [******]
Gold:   893        SH:  0    Dex: 32    Spells: 15/27 levels left

rFire    . . .     SeeInvis .     - Unarmed
rCold    . . .     Faith    .   (shield currently unavailable)
rNeg     . . .     Spirit   .   w - +0 steam dragon scales
rPois    .         Reflect  .   t - +0 helmet
rElec    .         Harm     .   l - scarf {repulsion}
rCorr    .         Rampage  .   (gloves currently unavailable)
Will     .....                  (no boots)
Stlth    ++........             (no amulet)
HPRegen  0.29/turn              u - +4 ring of protection
MPRegen  0.19/turn              r - +4 ring of slaying

@: blade hands, wereblooded, corroded, repel missiles, very slow
A: change form in water, swift swim, stealthy swim, agile 1, clever 1, robust 1,
strong 1, evolution 1, sturdy frame 1
a: End Transformation, Renounce Religion, Bend Time, Temporal Distortion,
Slouch, Step From Time


You were on level 5 of the Lair of Beasts.
You worshipped Cheibriados.
Cheibriados was exalted by your worship.
You had blades for hands.
You visited 3 branches of the dungeon, and saw 17 of its levels.
You also visited: Ossuary.

You collected 893 gold pieces.

Inventory:

Hand Weapons
 F - the +10 dagger "Huhynuob" (melded) {vorpal, +Blink rElec Dex+2}
   (You found it on level 5 of the Dungeon)

   It inflicts extra damage upon your enemies.
   It affects your dexterity (+2).
   It insulates you from electricity.
   It lets you blink.
Armour
 l - a scarf of repulsion (worn)
 o - a +0 kite shield (melded)
 t - a +0 helmet (worn)
 v - a +0 cloak
 w - +0 steam dragon scales (worn)
Jewellery
 h - an uncursed ring of stealth
 n - an uncursed ring of flight
 r - a +4 ring of slaying (right scythe-like blade)
 u - a +4 ring of protection (left scythe-like blade)
 x - an uncursed ring of protection from cold
 G - an uncursed ring of see invisible
 K - an uncursed ring of protection from cold
Wands
 a - a wand of acid (29)
 d - a wand of iceblast (11)
 p - a wand of digging (9)
 y - a wand of disintegration (33)
 A - a wand of paralysis (20)
 H - a wand of flame (57)
 L - a wand of polymorph (10)
Scrolls
 c - 12 scrolls of remove curse
 e - 10 scrolls of teleportation
 j - 3 scrolls of fear
 k - 5 scrolls of magic mapping
 m - 2 scrolls of enchant weapon
 s - 13 scrolls of identify
 B - 2 scrolls of amnesia
 C - 5 scrolls of blinking
 J - a scroll of fog
Potions
 b - 4 potions of heal wounds
 f - a potion of magic
 g - 10 potions of curing
 i - 8 potions of brilliance
 q - 2 potions of flight
 z - a potion of cancellation
 D - a potion of berserk rage {unknown}
 E - a potion of ambrosia
 I - 2 potions of might


   Skills:
 + Level 10.3 Fighting
 - Level 3.0 Short Blades
 + Level 2.2 Armour
 * Level 11.9 Dodging
 + Level 4.9 Shields
 * Level 12.9 Unarmed Combat
 + Level 7.9 Spellcasting
 - Level 12.0 Transmutations
 + Level 4.0 Ice Magic
 + Level 7.3 Invocations


You had 15 spell levels left.
You knew the following spells:

 Your Spells              Type           Power        Failure   Level
a - Beastly Appendage     Tmut           100%         4%          1
b - Wereblood             Tmut           75%          5%          2
c - Blade Hands           Tmut           37%          13%         5
d - Ice Form              Ice/Tmut       60%          17%         4

Your spell library contained the following spells:

 Spells                   Type           Power        Failure   Level
 Spider Form              Tmut/Pois      25%          14%         3
 Ignite Poison            Fire/Tmut/Pois 39%          21%         3
 Petrify                  Tmut/Erth      51%          26%         4
 Magic Dart               Conj           52%          28%         1
 Searing Ray              Conj           26%          34%         2
 Yara's Violent Unravell  Hex/Tmut       25%          43%         5
 Confusing Touch          Hex            13%          47%         3
 Dazzling Flash           Conj/Hex       26%          47%         3
 Gell's Gravitas          Tloc           6%           47%         3
 Fulminant Prism          Conj/Hex       6%           77%         4
 Iskenderun's Mystic Bla  Conj/Tloc      13%          77%         4
 Metabolic Englaciation   Hex/Ice        13%          80%         5
 Fireball                 Conj/Fire      6%           95%         5
 Starburst                Conj/Fire      6%           100%        6
 Ignition                 Fire           6%           100%        8


Dungeon Overview and Level Annotations

Branches:
Dungeon (11/15)            Temple (1/1) D:4            Lair (5/6) D:9
  Swamp (0/4) Lair:4        Snake (0/4) Lair:3        Slime (0/5) Lair:5
    Orc (0/2) D:10        Ossuary (visited)

Altars:
Ashenzari
Cheibriados
Dithmenos
Elyvilon
Fedhas
Gozag
Hepliaklqana
Kikubaaqudgha
Makhleb
Nemelex Xobeh
Okawaru
Qazlal
Ru
Sif Muna
Trog
Uskayaw
Vehumet
Wu Jian
Xom
Yredelemnul
Zin
The Shining One
Jiyva

Shops:
D:5 =

Annotations:
Lair:1 exclusion: 4 oklob plants


Innate Abilities, Weirdness & Mutations

You revert to your normal form in water.
You are very nimble and swift while swimming.
You are very stealthy in the water. (Stealth+)
You are agile. (Dex +2)
Your mind is acute. (Int +2)
You are robust. (+10% HP)
Your muscles are strong. (Str +2)
You evolve.
Your movements are slightly less encumbered by armour. (ER -2)


Message History

Okay, then.
Okay, then.
You are too injured to fight recklessly!
Casting: Wereblood (safe; 1% risk of failure)
Confirm with . or Enter, or press ? or * to list all spells.
Your hands turn into razor-sharp scythe blades.
The +10 dagger "Huhynuob" {vorpal, +Blink rElec Dex+2} melds into your body.
Your +0 kite shield melds into your body.
The entropy weaver hits you but does no damage.
The entropy weaver hits you.
* * * LOW HITPOINT WARNING * * *
The entropy weaver completely misses you.
The entropy weaver hits you!
* * * LOW HITPOINT WARNING * * *
The worker ant completely misses you.
You slice the entropy weaver!!
The entropy weaver is moderately wounded.
The entropy weaver completely misses you.
The entropy weaver barely misses you. The entropy weaver hits you!
You die...

.......................P###≈.....
.............#################...
.............# # # #...
.............# B#. #...
.............# #.# #...
.............# #.B . #...
........... ## #B# .#. #...
............ ##B##B###..# #...
...........P.♣..@#..#.#.# #...
...........P..♣.♣BBB..P## #...
..............P♣♣B≈♣P.♣.♣ #...
......##.##...#..♣≈≈...♣ #...
........##.#.#♣.#P.♣P♣..?P #...
........##...###♣.♣.♣# ### #...
.......#.....####.P### #######...
......P..P...........###.........
.##......P.......##...##...#.....


You could see an entropy weaver, 2 soldier ants and 2 worker ants.

Vanquished Creatures
  An entropy weaver (Lair:5)
  10 hydras
  A centaur warrior (D:10)
  2 two-headed ogres
  Erica (D:8)
  2 bog bodies (Lair:4)
  Pikel (D:8)
  5 elephants (Lair:3)
  3 black mambas
  Maggie (Lair:1)
  12 cane toads
  6 komodo dragons
  3 rime drakes (Lair:3)
  A troll (D:10)
  A polar bear (Lair:2)
  A hornet (D:10)
  6 blink frogs
  Eustachio (D:6)
  3 wyverns
  2 wraiths
  43 yaks
  2 basilisks
  A soldier ant (Lair:5)
  2 swamp worms (Lair:4)
  14 water moccasins
  An orc warrior (D:7)
  2 black bears
  3 ice beasts
  2 eyes of draining (D:9)
  A necrophage (D:10)
  6 centaurs
  3 ogres
  A big kobold (D:9)
  A lemure (D:8)
  11 bullfrogs
  A wyvern zombie (D:10)
  A water moccasin skeleton (D:11)
  A scorpion (D:5)
  6 killer bees
  11 wights
  5 howler monkeys
  2 electric eels
  3 vampire bats (D:6)
  2 centaur zombies
  2 quasits
  3 jellies (D:9)
  5 orc priests
  2 bullfrog skeletons
  6 hounds
  Ijyb (D:4)
  Natasha (D:2)
  Terence (D:2)
  An iguana (D:11)
  8 orc wizards
  4 worker ants
  2 hound zombies (D:10)
  A hound skeleton (D:6)
  13 mummies (Ossuary)
  2 worker ant zombies
  Robin (D:3)
  4 gnolls (D:3)
  A howler monkey skeleton (D:9)
  18 adders
  3 white imps
  An adder zombie (D:7)
  An adder skeleton (D:7)
  A worm (D:3)
  2 dart slugs (D:1)
  6 leopard geckos
  20 orcs
  4 ball pythons
  14 bats
  9 giant cockroaches
  15 goblins
  10 hobgoblins
  7 jackals
  12 kobolds
  A quokka (D:4)
  13 frilled lizards
  A gnoll skeleton (Ossuary)
  2 goblin skeletons (Ossuary)
  5 orc skeletons (Ossuary)
  7 rats
  11 rat skeletons (Ossuary)
409 creatures vanquished.

Vanquished Creatures (others)
  A fire vortex (Lair:5)
  8 fungi
  41 plants
50 creatures vanquished.

Grand Total: 459 creatures vanquished

Notes
Turn   | Place    | Note
-------+----------+-------------------------------------------
     0 | D:1      | wakim the Merfolk Transmuter began the quest for the Orb.
     0 | D:1      | Reached XP level 1. HP: 15/15 MP: 3/3
    61 | D:1      | Reached XP level 2. HP: 18/21 MP: 3/5
    85 | D:1      | Learned a level 2 spell: Wereblood
   347 | D:1      | Reached XP level 3. HP: 25/27 MP: 3/6
  1037 | D:2      | Found a broken altar of Ashenzari.
  1075 | D:2      | Found an ornate altar of the Wu Jian Council.
  1106 | D:2      | Found a blossoming altar of Fedhas.
  1393 | D:2      | Noticed a +0 dagger
  1393 | D:2      | Noticed a +0 dagger
  1553 | D:2      | Noticed Terence
  1553 | D:2      | Noticed Natasha
  1796 | D:2      | Killed Terence
  1797 | D:2      | Reached XP level 4. HP: 22/33 MP: 7/7
  1920 | D:2      | Found a hide-covered altar of Uskayaw.
  1994 | D:2      | Killed Natasha
  2365 | D:2      | Reached XP level 5. HP: 35/39 MP: 8/8
  2660 | D:3      | Found a burning altar of Makhleb.
  2842 | D:3      | Reached XP level 6. HP: 24/47 MP: 6/9
  3161 | D:3      | Reached skill level 5 in Unarmed Combat
  3308 | D:3      | Noticed Robin
  3325 | D:3      | Killed Robin
  3615 | D:3      | Reached skill level 1 in Shields
  4265 | D:4      | Reached XP level 7. HP: 37/52 MP: 7/10
  4396 | D:4      | Reached skill level 5 in Dodging
  5396 | D:4      | Found a staircase to the Ecumenical Temple.
  5406 | Temple   | Entered the Ecumenical Temple
  5527 | Temple   | Became a worshipper of Cheibriados the Contemplative
  5889 | D:4      | Noticed Ijyb
  5912 | D:4      | Killed Ijyb
  6196 | D:5      | Entered Level 5 of the Dungeon
  6430 | D:5      | Reached skill level 5 in Transmutations
  6457 | D:5      | Reached XP level 8. HP: 47/61 MP: 10/12
  6473 | D:5      | Found a basalt altar of Yredelemnul.
  6474 | D:5      | Found a shimmering blue altar of Sif Muna.
  6474 | D:5      | Found a shimmering altar of Xom.
  6475 | D:5      | Found a white marble altar of Elyvilon.
  6501 | D:5      | Found Wuur's Jewellery Emporium.
  6566 | D:5      | Found a sand-covered staircase.
  6575 | Ossuary  | Entered an ossuary
  6582 | Ossuary  | Reached * piety under Cheibriados
  7126 | D:5      | Got a glimmering dagger
  7127 | D:5      | Identified the +10 dagger "Huhynuob" {vorpal, +Blink rElec
                  | Dex+2} (You found it on level 5 of the Dungeon)
  7435 | D:6      | Found a shadowy altar of Dithmenos.
  7505 | D:6      | Reached skill level 5 in Fighting
  7613 | D:6      | Reached ** piety under Cheibriados
  7722 | D:6      | Noticed Eustachio
  7752 | D:6      | Killed Eustachio
  7753 | D:6      | Reached skill level 1 in Short Blades
  7753 | D:6      | Reached XP level 9. HP: 63/68 MP: 13/15
  7934 | D:6      | Learned a level 5 spell: Blade Hands
  8187 | D:7      | Found a bloodstained altar of Trog.
  8235 | D:7      | Reached *** piety under Cheibriados
  8739 | D:7      | Gained mutation: You are robust. (+10% HP) [potion of
                  | mutation]
  8739 | D:7      | Gained mutation: Your mind is acute. (Int +2) [potion of
                  | mutation]
  8739 | D:7      | Gained mutation: You evolve. [potion of mutation]
  8739 | D:7      | Gained mutation: Your movements are slightly less
                  | encumbered by armour. (ER -2) [potion of mutation]
  8843 | D:8      | Noticed Pikel
  8850 | D:8      | Killed Pikel
  8900 | D:8      | Reached skill level 5 in Spellcasting
  8905 | D:8      | Noticed Erica
  8915 | D:8      | Killed Erica
  8916 | D:8      | Reached skill level 10 in Transmutations
  8916 | D:8      | Reached XP level 10. HP: 75/84 MP: 12/18
  9320 | D:8      | Noticed a two-headed ogre
  9326 | D:8      | Killed a two-headed ogre
  9651 | D:9      | Reached **** piety under Cheibriados
  9652 | D:9      | Reached skill level 1 in Invocations
  9662 | D:9      | Noticed a two-headed ogre
  9668 | D:9      | Killed a two-headed ogre
  9768 | D:9      | Found a staircase to the Lair.
  9828 | D:9      | Found a shimmering altar of Xom.
  9866 | D:9      | Reached XP level 11. HP: 94/94 MP: 0/20
  9941 | D:9      | Reached ***** piety under Cheibriados
 10190 | D:10     | Entered Level 10 of the Dungeon
 10268 | D:9      | Gained mutation: Your muscles are strong. (Str +2)
                  | [evolution]
 10558 | D:10     | Noticed a centaur warrior
 10566 | D:10     | Killed a centaur warrior
 10567 | D:10     | Reached skill level 10 in Unarmed Combat
 10753 | D:10     | Found a staircase to the Orcish Mines.
 10921 | D:11     | Noticed a six-headed hydra
 10928 | D:11     | Killed a six-headed hydra
 11636 | Lair:1   | Entered Level 1 of the Lair of Beasts
 11642 | Lair:1   | Learned a level 4 spell: Ice Form
 11729 | Lair:1   | Noticed Maggie
 11740 | Lair:1   | Killed Maggie
 11751 | Lair:1   | Reached XP level 12. HP: 94/103 MP: 17/22
 11883 | Lair:1   | Reached skill level 5 in Invocations
 12321 | Lair:1   | Noticed a five-headed hydra
 12342 | Lair:1   | Killed a five-headed hydra
 12848 | Lair:2   | Noticed a six-headed hydra
 12854 | Lair:2   | Killed a six-headed hydra
 12864 | Lair:2   | Reached skill level 10 in Dodging
 13241 | Lair:2   | Noticed an eight-headed hydra
 13248 | Lair:2   | Killed an eight-headed hydra
 13846 | Lair:2   | Gained mutation: You are agile. (Dex +2) [evolution]
 13925 | Lair:2   | Reached skill level 1 in Ice Magic
 14246 | Lair:3   | Reached XP level 13. HP: 107/112 MP: 16/23
 14484 | Lair:3   | Found a staircase to the Snake Pit.
 14499 | Lair:3   | Reached skill level 1 in Armour
 14677 | Lair:3   | Reached skill level 10 in Fighting
 15046 | Lair:4   | Reached ****** piety under Cheibriados
 15248 | Lair:4   | Found a staircase to the Swamp.
 15383 | Lair:5   | Found a staircase to the Slime Pits.
 15828 | Lair:5   | Found a viscous altar of Jiyva.
 16087 | Lair:5   | Noticed an entropy weaver
 16089 | Lair:5   | Noticed an entropy weaver
 16100 | Lair:5   | Killed an entropy weaver
 16102 | Lair:5   | Slain by an entropy weaver

Illustrated notes

Levels and vault maps discovered:
D:1:      dpeg_arrival_tiny_d, layout_basic, minmay_lizard_pond
D:2:      layout_basic, lemuel_round_altar, fedhas_ov_isle_minmay,
          dancing_weapons_uskayaw, lemuel_doored_altar,
          chequers_serial_rivers_micro_c, minivault_24, grunt_ministairs_7,
          minmay_cut_off, uniq_terence, uniq_natasha
D:3:      layout_loops_ring, nicolae_overflow_crystal_walls, uniq_robin
D:4:      layout_layer_cave, temple_hall, uniq_ijyb
D:5:      layout_basic, chequers_temple_overflow_statue_of_worship,
          serial_shops, shop, nicolae_ossuary_entry_monument
D:6:      layout_rooms, grunt_dithmenos_smoke_and_mirrors, roderic_batcave,
          kennysheep_generic_room_4, uniq_eustachio
D:7:      layout_loops_ring, bloody_trog
D:8:      layout_basic, uniq_pikel, uniq_erica
D:9:      layout_cave_pools, dpeg_oklobed_lair, basic_altar,
          minmay_tree_intersection, kennysheep_generic_room_10
D:10:     layout_cave_pools, orc_0_dummy
D:11:     layout_rooms
Temple:   bh_familiar_temple
Lair:1:   layout_hall_layers, chequers_serial_rivers_micro_b,
          grunt_megastairs_5, minmay_lair_oklob_chamber, uniq_maggie
Lair:2:   layout_regular_city
Lair:3:   layout_loops_ring, minmay_snake_entry_six_corridors,
          serial_bayou_lagoon_a
Lair:4:   layout_misc_corridors, nicolae_swamp_entry_splash_gauntlet
Lair:5:   layout_gridlike, slime_altar_1, wad_woods_antlair

Skill      XL: |  1  2  3  4  5  6  7  8  9 10 11 12 13 |
---------------+----------------------------------------+-----
Dodging        | 3 4 5 6 7 9 10 11 | 11.9
Transmutations | 3 4 5 8 10 11 12 | 12.0
Fighting       | 2 3 4 5 6 7 8 9 10 | 10.3
Unarmed Combat | 4 5 6 8 9 10 12 | 12.9
Shields        | 1 3 4 |  4.9
Spellcasting   | 3 4 5 6 7 |  7.9
Short Blades   | 1 3 |  3.0
Invocations    | 2 4 6 7 |  7.3
Ice Magic      | 2 4 |  4.0
Armour         | 2 |  2.2

Action                   |  1- 3 |  4- 6 |  7- 9 | 10-12 | 13-15 || total
-------------------------+-------+-------+-------+-------+-------++-------
Melee: Unarmed           |   135 |   139 |   232 |   208 |   120 ||   834
       Headbutt          |    12 |    11 |    31 |       |     1 ||    55
       Punch             |     3 |     2 |     9 |    20 |     7 ||    41
       Dagger            |       |       |    94 |   110 |    18 ||   222
 Cast: Beastly Appendage |    15 |    13 |    21 |       |     1 ||    50
       Wereblood         |     5 |    12 |    17 |    17 |     6 ||    57
       Blade Hands       |       |       |     7 |    29 |    15 ||    51
       Ice Form          |       |       |       |     3 |     4 ||     7
Invok: Slouch            |       |       |       |     3 |       ||     3
       Step From Time    |       |       |       |     1 |       ||     1
  Use: Scroll            |       |     5 |     5 |     4 |       ||    14
       Potion            |       |       |    13 |     2 |       ||    15
 Stab: Sleeping          |       |       |     1 |     2 |     2 ||     5
Armor: Robe              |    20 |    19 |       |       |       ||    39
       Steam dragon scal |       |       |    82 |    65 |    13 ||   160
       Leather armour    |       |       |     9 |       |       ||     9
       Skin              |       |       |       |    12 |     6 ||    18
Dodge: Dodged            |    67 |    77 |   245 |   344 |   157 ||   890
       Repelled          |       |       |       |     2 |     1 ||     3
Block: Kite shield       |     4 |       |       |    19 |    17 ||    40
